 Dungeon Crawl Stone Soup version 0.22-a0-86-g94e0ad4 (webtiles) character file.

429 KristoblXynda the Ruffian (level 6, -3/47 HPs)
             Began as a Draconian Transmuter on Jan 21, 2018.
             Slain by Blork the orc
             ... wielding a +3 broad axe of freezing
              (8 damage)
             ... on level 4 of the Dungeon.
             The game lasted 00:06:55 (3170 turns).

KristoblXynda the Ruffian (Draconian Transmuter)    Turns: 3170, Time: 00:06:55

Health: -3/47      AC:  6    Str: 18    XL:     6   Next: 66%
Magic:  4/9        EV: 13    Int: 14    God:
Gold:   233        SH:  0    Dex: 17    Spells: 5/9 levels left

rFire    . . .     SeeInvis .     - Unarmed
rCold    . . .     Gourm    .   (no shield)
rNeg     . . .     Faith    .   (armour unavailable)
rPois    .         Spirit   .   (helmet restricted)
rElec    .         Reflect  .   i - scarf {cloud immunity}
rCorr    .         Harm     .   (no gloves)
MR       .....                  (no boots)
Stlth    ++........             (no amulet)
HPRegen  0.15/turn              d - +5 ring of dexterity
MPRegen  0.11/turn              (no ring)

@: mighty, appendage (expiring), very slightly contaminated
A: unfitting armour, horns 2, cold-blooded, AC +6
a: End Transformation


You were on level 4 of the Dungeon.
You were hungry.
You had grown temporary horns.
You visited 1 branch of the dungeon, and saw 4 of its levels.
You also visited: Sewer.

You collected 233 gold pieces.

Inventory:

Missiles
 a - 12 arrows
Armour
 i - a scarf of cloud immunity (worn)
Jewellery
 d - a +5 ring of dexterity (left hand)
Scrolls
 f - a scroll of enchant weapon {unknown}
 g - a scroll of teleportation
 j - 2 scrolls of blinking {unknown}
 l - a scroll of identify
 m - a scroll of fog {unknown}
Potions
 e - a potion of invisibility
 k - 5 potions of flight
Books
 b - a book of Changes

   Spells                             Type                      Level
   a - Beastly Appendage              Transmutation                1
   b - Sticks to Snakes               Transmutation                2
   c - Spider Form                    Transmutation/Poison         3
   d - Ice Form                       Ice/Transmutation            4
   e - Blade Hands                    Transmutation                5
Comestibles
 c - 5 rations


   Skills:
 - Level 1.1 Fighting
 - Level 2.0 Dodging
 * Level 6.3 Unarmed Combat
 - Level 2.0 Spellcasting
 + Level 4.3 Transmutations


You had 5 spell levels left.
You knew the following spells:

 Your Spells              Type           Power        Failure   Level  Hunger
a - Beastly Appendage     Tmut           ##....       4%          1    ##.....
b - Spider Form           Tmut/Pois      #.........   28%         3    ####...


Dungeon Overview and Level Annotations

Branches:
Dungeon (4/15)
 Temple: D:4-7

Altars:
Fedhas
Okawaru

Annotations:
D:4 Blork the orc


Innate Abilities, Weirdness & Mutations

Your plain brown scales are hard. (AC +6)
You cannot fit into any form of body armour.
You are cold-blooded and may be slowed by cold attacks.
You have a pair of horns on your head.


Message History

Blork the orc closely misses you.
Blork the orc begins to cast a cantrip, but forgets the words!
Blork the orc casts a spell at you. The magic dart hits you!
* * * LOW HITPOINT WARNING * * *
Blork the orc screams, "I'm going to kill you!"
Blork the orc points at you and mumbles some strange words.
The puff of flame hits you!
* * * LOW HITPOINT WARNING * * *
Casting: Spider Form
Confirm with . or Enter, or press ? or * to list all spells.
Okay, then.
It was a potion of might.
You feel very mighty all of a sudden. Blork the orc barely misses you.
Unknown command.
You punch Blork the orc!
Blork the orc is heavily wounded.
Blork the orc hits you with a broad axe of freezing!
You die...

..###..## ##...# *,* .##
#..'# #...#* *,****** #*
#..'#### #...# *,,,,,,* *
#......#####...######,,,,,,*
*
#......'.............>,,,,,*
#......######.###.#..,,,,,,*
****#......# #.#
*,,,,,,,,,,* ,,,*#......#
####.#####.(.,,,,,*
,,,*#......#
#.o@.........,,,,,*
,***#......#
#.##......#..,,****
****#......#
#..#......#,****
,,,,.......###..#........#
*****,###.......#.##+#.###
#.#......####.#,,,.#
#........# *#+#,,,,#
###......##*,,,,,,,*
#.$.....#*,,,,,,,*


You could see Blork the orc.

Vanquished Creatures
  Sigmund (D:4)
  An ogre (D:4)
  A worker ant (D:4)
  Robin (D:2)
  4 adders
  3 oozes
  5 worms
  3 leopard geckos
  An orc (D:3)
  17 bats
  4 giant cockroaches
  7 goblins
  9 hobgoblins
  7 jackals
  3 ball pythons
  6 frilled lizards
  7 kobolds
  11 rats
91 creatures vanquished.

Notes
Turn   | Place    | Note
-------+----------+-------------------------------------------
     0 | D:1      | KristoblXynda the Draconian Transmuter began the quest for the Orb.
     0 | D:1      | Reached XP level 1. HP: 16/16 MP: 3/3
    91 | D:1      | Reached XP level 2. HP: 23/23 MP: 5/5
   776 | D:2      | Reached XP level 3. HP: 4/28 MP: 6/6
  1117 | D:2      | Reached skill level 4 in Unarmed Combat
  1253 | D:2      | Noticed Robin
  1290 | D:2      | Killed Robin
  1315 | D:2      | Reached XP level 4. HP: 30/35 MP: 7/7
  1830 | D:3      | Found an iron altar of Okawaru.
  2068 | D:3      | Found a blossoming altar of Fedhas.
  2142 | D:4      | Noticed Sigmund
  2158 | D:4      | Found a glowing drain.
  2214 | D:4      | Killed Sigmund
  2214 | D:4      | Reached skill level 5 in Unarmed Combat
  2214 | D:4      | Reached XP level 5. HP: 25/40 MP: 8/8
  2228 | D:4      | Reached XP level 6. HP: 31/47 MP: 9/9
  2243 | Sewer    | Entered a sewer
  3085 | D:4      | Reached skill level 6 in Unarmed Combat
  3110 | D:4      | Learned a level 3 spell: Spider Form
  3143 | D:4      | Noticed Blork the orc
  3152 | D:4      | HP: 2/47 [Blork the orc/broad axe of freezing (2)]
  3170 | D:4      | Slain by Blork the orc

Vault maps used:
D:1:      dpeg_arrival_boxorama
D:2:      uniq_robin
D:3:      old_standard_altar, okawaru_gym_becter
D:4:      overflow_temple_1_default, serial_curves, eino_curves_02,
          eino_curves_02, gup_sewer_entry_glass, uniq_blork_the_orc,
          uniq_sigmund
Sewer:    sewer_fruit_machine

Skill      XL: |  1  2  3  4  5  6 |
---------------+-------------------+-----
Dodging        | 2 |  2.0
Unarmed Combat | 4 5 6 |  6.3
Transmutations | 3 4 |  4.3
Fighting       | |  1.1
Spellcasting   | |  2.0

Action                   |  1- 3 |  4- 6 || total
-------------------------+-------+-------++-------
Melee: Unarmed           |   112 |   186 ||   298
       Tailslap          |    10 |    24 ||    34
       Punch             |     1 |     6 ||     7
       Kick              |       |     7 ||     7
 Cast: Beastly Appendage |     3 |     4 ||     7
  Use: Potion            |     1 |    10 ||    11
       Scroll            |     1 |     4 ||     5
 Stab: Sleeping          |     2 |     3 ||     5
       Invisible         |       |     3 ||     3
  Eat: Chunk             |     1 |     3 ||     4
       Ration            |       |     1 ||     1
Armor: Skin              |    27 |    71 ||    98
Dodge: Dodged            |    73 |   186 ||   259

Table legend:
 A = Spawn XP
 B = Non-spawn XP
 C = Spawn XP percentage of total XP
 D = Spawn monster count
 E = Non-spawn monster count
 F = Spawn count percentage of total count
 G = Total turns spent on level
                    A         B        C        D         E        F      G
               +---------+---------+-------+---------+---------+-------+---------
         Total |       0 |     613 |   0.0 |       0 |      91 |   0.0 |  3170
               +---------+---------+-------+---------+---------+-------+---------
           D:1 |       0 |      35 |   0.0 |       0 |      18 |   0.0 |   745
           D:2 |       0 |      98 |   0.0 |       0 |      31 |   0.0 |   967
           D:3 |       0 |      16 |   0.0 |       0 |       9 |   0.0 |   410
           D:4 |       0 |     401 |   0.0 |       0 |       7 |   0.0 |   259
         Sewer |       0 |      63 |   0.0 |       0 |      26 |   0.0 |   789
               +---------+---------+-------+---------+---------+-------+---------
